 Dungeon Crawl Stone Soup version 0.31-a0-986-g5e6e4ef867 (webtiles) character file.

Game seed: 10291562974671878713

88 croobank the Trooper (level 4, -3/41 HPs)
             Began as a Hill Orc Monk on Nov 20, 2023.
             Slain by an iguana (13 damage)
             ... on level 2 of the Dungeon.
             The game lasted 00:02:44 (2212 turns).

croobank the Trooper (Hill Orc Monk)                Turns: 2212, Time: 00:02:45

Health: -3/41      AC:  3    Str: 13    XL:     4   Next: 53%
Magic:  4/4        EV: 13    Int: 12    God:
Gold:   131        SH:  0    Dex: 13    Spells: 3/3 levels left

rFire   . . .        a - +0 short sword
rCold   . . .        d - orb {light}
rNeg    . . .        b - +0 robe
rPois   .            (no helmet)
rElec   .            (no cloak)
rCorr   .            k - +0 pair of gloves
SInv    .            (no boots)
Will    .....        (no amulet)
Stlth   +            (no ring)
HPRegen 0.26/turn    (no ring)
MPRegen 0.09/turn

%: no passive effects
@: glowing
A: no striking features
a: no special abilities


You were on level 2 of the Dungeon.
You visited 1 branch of the dungeon, and saw 2 of its levels.

You collected 131 gold pieces.

Inventory:

Hand Weapons
 a - a +0 short sword (weapon)
Missiles
 f - 2 poisoned darts (quivered)
Armour
 b - a +0 robe (worn)
 d - an orb of light (worn)
 k - a +0 pair of gloves (worn)
Scrolls
 h - 2 scrolls of identify {unknown}
 i - a scroll of revelation {unknown}
 j - 2 scrolls of enchant armour {unknown}
Potions
 g - a potion of degeneration {unknown}
 l - a potion of heal wounds {unknown}
 m - 3 potions of cancellation {unknown}


   Skills:
 + Level 4.7 Fighting
 + Level 3.8 Short Blades
 + Level 3.1 Dodging


You had 3 spell levels left.
You didn't know any spells.
Your spell library was empty.

Dungeon Overview and Level Annotations

Branches:
Dungeon (2/15)

Altars:


Message History

* * * LOW HITPOINT WARNING * * *
You are confused.
You feel invigorated. The iguana completely misses you.
You barely miss the iguana.
The iguana is almost dead.
You bump into the rock wall.
The iguana barely misses you.
You bump into the rock wall.
The iguana barely misses you.
You bump into the rock wall.
The iguana closely misses you.
You hit the iguana but do no damage.
The iguana is almost dead.
The iguana bites you but does no damage.
You hit the iguana but do no damage.
The iguana is almost dead.
The iguana bites you!
You're too confused to move!
You feel less invigorated.
You feel less confused. The iguana closely misses you.
You hit the iguana but do no damage.
The iguana is almost dead.
The iguana bites you!
You hit the iguana but do no damage.
The iguana is almost dead.
The iguana barely misses you.
You hit the iguana but do no damage.
The iguana is almost dead.
You hit the iguana.
The iguana is almost dead.
The iguana closely misses you.
You barely miss the iguana.
The iguana is almost dead.
The iguana bites you.
You hit the iguana but do no damage.
The iguana is almost dead.
The iguana closely misses you.
You hit the iguana but do no damage.
The iguana is almost dead.
The iguana bites you!
* * * LOW HITPOINT WARNING * * *
It was a potion of curing.
You feel better. The iguana bites you!
You die...

...........#.#
.......###.#.#
.......# #.#.#
######.# #.#.# #.#
#.#.#### #.#
#.#.†..#
#.###.####.#
#.......<#.#######
#####.#..#.@l.[?.#
#.#..#######.#
#.#....#
#....#.#####.#
######.......#
#########


You could see an iguana.

Vanquished Creatures
  4 adders (D:2)
  3 dart slugs
  A worm (D:2)
  6 ball pythons
  4 endoplasms (D:1)
  2 giant cockroaches (D:2)
  4 goblins (D:1)
  4 hobgoblins
  2 quokkas
  4 bats
  3 frilled lizards
  5 kobolds
  A rat (D:2)
43 creatures vanquished.

Notes
Turn   | Place    | Note
-------+----------+-------------------------------------------
     0 | D:1      | croobank the Hill Orc Monk began the quest for the Orb.
     0 | D:1      | Reached XP level 1. HP: 19/19 MP: 1/1
   100 | D:1      | Reached XP level 2. HP: 15/27 MP: 2/2
   340 | D:1      | Reached skill level 4 in Fighting
   664 | D:1      | Reached XP level 3. HP: 31/33 MP: 3/3
  1622 | D:2      | Reached XP level 4. HP: 21/41 MP: 4/4
  2195 | D:2      | HP: 1/41 [iguana (4)]
  2212 | D:2      | Slain by an iguana

Illustrated notes

Levels and vault maps discovered:
D:1:      evilmike_arrival_plus, layout_basic, serial_bayou_crossing
D:2:      layout_basic, serial_shops, nicolae_shop_tiny_waterfront,
          kennysheep_generic_room_3

Skill      XL: |  1  2  3 |
---------------+----------+-----
Fighting       | 4 |  4.7
Dodging        | 3 |  3.1
Short Blades   | |  3.8

Action                     |  1- 3 |  4- 6 || total
---------------------------+-------+-------++-------
  Melee: Short sword       |   133 |    68 ||   201
    Use: Potion            |       |     2 ||     2
 Armour: Robe              |    58 |    25 ||    83
  Dodge: Dodged            |    68 |    29 ||    97

Table legend: (Time is in decaauts)
 A = Elapsed time spent in this place.
 B = Non-inter-level travel time spent in this place.
 C = Inter-level travel time spent in this place.
 D = Time resting spent in this place.
 E = Time spent auto-exploring this place.
 F = Levels seen in this place.
 G = Mean time per level.
                   A        B        C        D        E       F      G
               +--------+--------+--------+--------+--------+-----+--------+
         Total |   2179 |   1999 |    180 |    472 |   1204 |   2 | 1089.5 |
       Dungeon |   2179 |   1999 |    180 |    472 |   1204 |   2 | 1089.5 |
               +--------+--------+--------+--------+--------+-----+--------+

Top non-repeatable levels by time:
     D:1: 1295 daAuts
     D:2: 884 daAuts
